 Dungeon Crawl Stone Soup version 0.21-a0-94-gdd6ab6a (webtiles) character file.

65 nikopol the Firebug (level 3, -10/19 HPs)
             Began as a Deep Elf Fire Elementalist on July 2, 2017.
             Killed by divine providence
             ... invoked by an orc priest
              (14 damage)
             ... on level 2 of the Dungeon.
             The game lasted 00:07:11 (1481 turns).

nikopol the Firebug (Deep Elf Fire Elementalist)    Turns: 1481, Time: 00:07:12

Health: -10/19     AC:  2    Str:  5    XL:     3   Next: 92%
Magic:  7/10       EV: 13    Int: 20    God:
Gold:   130        SH:  0    Dex: 15    Spells: 3/9 levels left

rFire    . . .     SeeInvis .   g - +0 dagger
rCold    . . .     Gourm    .   (no shield)
rNeg     . . .     Faith    .   a - +0 robe
rPois    .         Spirit   .   (no helmet)
rElec    .         Reflect  .   f - scarf {cloud immunity}
rCorr    .         Harm     .   (no gloves)
MR       .....                  (no boots)
Stlth    ++........             (no amulet)
HPRegen  0.06/turn              (no ring)
MPRegen  0.12/turn              (no ring)

@: no status effects
A: no striking features
a: no special abilities


You were on level 2 of the Dungeon.
You were hungry.

You visited 1 branch of the dungeon, and saw 2 of its levels.

You collected 130 gold pieces.

Inventory:

Hand Weapons
 g - a +0 dagger (weapon)
Armour
 a - a +0 robe (worn)
 f - a scarf of cloud immunity (worn)
Jewellery
 e - a +4 ring of protection {unknown}
 h - an uncursed ring of ice {unknown}
 i - a cursed -3 ring of intelligence {unknown}
Scrolls
 d - 2 scrolls of amnesia {unknown}
 j - a scroll of fear {unknown}
 k - a scroll of teleportation {unknown}
 m - 4 scrolls of identify {unknown}
 p - a scroll of magic mapping {unknown}
Potions
 l - a potion of mutation {unknown}
 o - a potion of heal wounds {unknown}
 r - a potion of curing {unknown}
Books
 b - a book of Flames

   Spells                             Type                      Level
   a - Flame Tongue                   Conjuration/Fire             1
   b - Throw Flame                    Conjuration/Fire             2
   c - Conjure Flame                  Conjuration/Fire             3
   d - Inner Flame                    Hexes/Fire                   3
   e - Sticky Flame                   Conjuration/Fire             4
   f - Fireball                       Conjuration/Fire             5
Comestibles
 c - a bread ration
 q - a royal jelly


   Skills:
 + Level 2.9 Dodging
 + Level 2.7 Stealth
 + Level 3.7 Spellcasting
 + Level 1.7 Conjurations
 + Level 4.3 Fire Magic


You had 3 spell levels left.
You knew the following spells:

 Your Spells              Type           Power        Failure   Level  Hunger
a - Flame Tongue          Conj/Fire      ###..        3%          1    None
b - Throw Flame           Conj/Fire      ###...       6%          2    ##.....
c - Conjure Flame         Conj/Fire      ###.....     12%         3    ###....


Dungeon Overview and Level Annotations

Branches:
Dungeon (2/15)

Altars:


Message History

Beogh smites you!
Ouch! That really hurt!
* * * LOW HITPOINT WARNING * * *
You hear a shout!
Casting: Flame Tongue
Confirm with . or Enter, or press ? or * to list all spells.
Aiming: Flame Tongue
Press: ? - help, Shift-Dir - straight line, f/p - orc priest
Aim: an orc priest, wielding a club and wearing a leather armour (heavily wounded)
The flame tongue misses the orc priest.
Casting: Flame Tongue
Confirm with . or Enter, or press ? or * to list all spells.
Aiming: Flame Tongue
Press: ? - help, Shift-Dir - straight line, f/p - orc priest
Aim: an orc priest, wielding a club and wearing a leather armour (heavily wounded)
The flame tongue misses the orc priest.
The orc priest mumbles some strange prayers to Beogh against you.
Beogh smites you!
Ouch! That really hurt!
You die...

#.#
###########
#.# #.#
#.####
#....#
####.# #o#
#.# #@# #.#
#<# ###


You could see an orc priest.

Vanquished Creatures
  3 adders (D:2)
  A worm (D:2)
  A leopard gecko (D:2)
  2 ball pythons (D:1)
  3 bats (D:1)
  2 giant cockroaches (D:1)
  7 hobgoblins (D:1)
  4 kobolds
  4 goblins
  7 rats
34 creatures vanquished.

Notes
Turn   | Place    | Note
-------+----------+-------------------------------------------
     0 | D:1      | nikopol the Deep Elf Fire Elementalist began the quest for the Orb.
     0 | D:1      | Reached XP level 1. HP: 10/10 MP: 6/6
   354 | D:1      | Reached XP level 2. HP: 15/15 MP: 6/8
   389 | D:1      | Learned a level 2 spell: Throw Flame
   562 | D:1      | Reached skill level 4 in Fire Magic
   778 | D:2      | Reached XP level 3. HP: 12/19 MP: 3/9
  1465 | D:2      | Learned a level 3 spell: Conjure Flame
  1481 | D:2      | Killed from afar by an orc priest

Vault maps used:
D:1:      dpeg_arrival_round_c, minmay_tripent
D:2:      cheibrodos_pilgrimage, marbit_many_paths, uniq_jessica,
          uniq_crazy_yiuf_cottage

Skill      XL: |  1  2 |
---------------+-------+-----
Fire Magic     | 4 |  4.3
Dodging        | |  2.9
Stealth        | |  2.7
Spellcasting   | |  3.7
Conjurations   | |  1.7

Action                   || total
-------------------------++-------
 Cast: Flame Tongue      ||    66
  Eat: Chunk             ||     1
Armor: Robe              ||    14
Dodge: Dodged            ||    34
